 Dungeon Crawl Stone Soup version 0.31.0-32-g396128a36d (webtiles) character file.

Game seed: 4463447754383327047

369 monsoonserge the Ruffian (level 6, -5/70 HPs)
             Began as a Gnoll Shapeshifter on Mar 24, 2024.
             Was an Initiate of Elyvilon.
             Killed by divine providence
             ... invoked by an orc priest
              (10 damage)
             ... on level 4 of the Dungeon.
             The game lasted 00:14:43 (2686 turns).

monsoonserge the Ruffian (Gnoll Shapeshifter)       Turns: 2686, Time: 00:14:43

Health: -5/70      AC: 23    Str: 15    XL:     6   Next: 70%
Magic:  0/9        EV:  2    Int:  9    God:    Elyvilon [......]
Gold:   59         SH:  0    Dex: 12    Spells: 9/9 levels left

rFire   . .          .
                       - Unarmed
rCold   . . .        (no shield)
rNeg    . . .        x - melded +0 ring mail
rPois   +            (helmet currently unavailable)
rElec   .            (cloak currently unavailable)
rCorr   .            (gloves currently unavailable)
SInv    .            (boots currently unavailable)
Will    .....        f - amulet of guardian spirit
Stlth   ++           (no ring)
HPRegen 0.31/turn    (no ring)
MPRegen 0.11/turn

%: guardian spirit
@: tree-form
A: stationary, stasis, torment immunity, boosted hp, (fangs 1), strong nose,
distributed training
a: Renounce Religion


You were on level 4 of the Dungeon.
You worshipped Elyvilon.
Elyvilon was noncommittal.
You were a tree.
You visited 1 branch of the dungeon, and saw 4 of its levels.

You collected 171 gold pieces.
You spent 112 gold pieces at shops.

Inventory:

Missiles
 b - 4 poisoned darts (quivered)
 t - 6 boomerangs
Armour
 s - a +0 chain mail
 x - a +0 ring mail (melded)
Jewellery
 f - an amulet of guardian spirit (around neck)
Talismans
 c - a beast talisman
 d - a flux talisman
Wands
 w - a wand of flame (39)
Scrolls
 a - a scroll of silence {unknown}
 e - 2 scrolls of poison {unknown}
 h - a scroll of immolation {unknown}
 i - 2 scrolls of vulnerability {unknown}
 k - 3 scrolls of identify {unknown}
 m - a scroll of revelation {unknown}
 n - 2 scrolls of teleportation {unknown}
 o - 2 scrolls of noise {unknown}
 q - a scroll of amnesia {unknown}
 y - a scroll of acquirement {unknown}
Potions
 g - a potion of attraction {unknown}
 j - 2 potions of magic {unknown}
 l - 3 potions of heal wounds {unknown}
 p - a potion of ambrosia {unknown}
 u - 2 potions of berserk rage {unknown}
 v - a potion of invisibility {unknown}
 z - a potion of might {unknown}


   Skills:
 + Level 3.4 Fighting
 + Level 2.1 Short Blades
 + Level 2.1 Long Blades
 + Level 2.1 Axes
 + Level 2.1 Maces & Flails
 + Level 2.1 Polearms
 + Level 2.1 Staves
 + Level 2.1 Ranged Weapons
 + Level 2.1 Throwing
 + Level 2.1 Armour
 + Level 5.1 Dodging
 + Level 2.1 Stealth
 + Level 2.1 Shields
 + Level 6.9 Unarmed Combat
 + Level 2.1 Spellcasting
 + Level 1.7 Conjurations
 + Level 1.7 Hexes
 + Level 1.7 Summonings
 + Level 1.7 Necromancy
 + Level 1.7 Translocations
 + Level 1.7 Fire Magic
 + Level 1.7 Ice Magic
 + Level 1.7 Air Magic
 + Level 1.7 Earth Magic
 + Level 1.7 Alchemy
 + Level 2.4 Invocations
 + Level 2.1 Evocations
 + Level 6.8 Shapeshifting


You had 9 spell levels left.
You didn't know any spells.
Your spell library was empty.

Dungeon Overview and Level Annotations

Branches:
Dungeon (4/15)
 Temple: D:4-7

Altars:
Ashenzari
Elyvilon
Fedhas
Kikubaaqudgha
Sif Muna

Shops:
D:1 !=**!

Annotations:
D:2 Sigmund


Innate Abilities, Weirdness & Mutations

You are a tree.
Your roots penetrate the ground, keeping you stationary.
You cannot be teleported.
You are immune to unholy pain and torment.
Your maximum health is greatly increased.
Your equipment is partially melded.
((You have very sharp teeth.))
Your uncanny sense of smell can sniff out nearby items.
Your experience applies equally to all skills.


Message History

The orc wizard hits you with a +0 dagger.
You barely miss the orc wizard. The orc wizard barely misses you.
You closely miss the orc wizard.
The orc priest mumbles some strange prayers to Beogh against you.
Beogh smites you!
The orc wizard points at you and mumbles some strange words.
The puff of flame hits you!
* * * LOW HITPOINT WARNING * * *
Unknown command.
Your transformation has ended.
You turn into a tree.
Your +0 ring mail melds into your body.
Your roots penetrate the ground.
The orc wizard points at you and mumbles some strange words.
The puff of flame hits you.
* * * LOW HITPOINT WARNING * * *
The orc priest hits you but does no damage.
You smack the orc wizard!
The orc wizard is heavily wounded.
The orc priest hits you with a +0 short sword.
* * * LOW HITPOINT WARNING * * *
The orc wizard casts a spell.
The orc wizard flickers and vanishes!
Deactivating autopickup; reactivate with Ctrl-A.
You hit the orc priest but do no damage.
The orc priest hits you but does no damage.
You hear some strange, mumbled words.
A magic dart appears from out of thin air!
The magic dart hits you but does no damage.
You hit the orc priest but do no damage.
Something completely misses you.
The orc priest hits you but does no damage.
You closely miss the orc priest. Something hits you but does no damage.
The orc priest looks encouraged for a moment.
You barely miss the orc priest.
The orc shouts!
You smack the orc priest!
The orc priest is heavily wounded.
The orc priest calls down the wrath of Beogh upon you.
Beogh smites you!
You die...

∆oo.#### #######.#
#..###'##[##+ .o.... ........#
#..# #.##.##. ##.#.# #########
#..# #....... #.##....# #..#
####.### .......$##### ##.# #.#
#........# #.# #.# ....##.###.#
#.# #.# . #.# #.##########.#
#<# #.###.ooo{♣......######.#
#.#####.......oo#######...†...#
#............##########.#######
############............#
##############


You could see 2 orc priests and 3 orcs.

Vanquished Creatures
  2 scorpions (D:4)
  Jessica (D:2)
  Natasha (thrice) (D:2 D:1)
  An orc wizard (D:4)
  2 adders
  3 dart slugs
  2 ribbon worms
  8 orcs (D:4)
  6 ball pythons
  4 endoplasms
  13 giant cockroaches
  6 goblins
  5 hobgoblins
  7 jackals
  2 quokkas
  14 bats
  6 kobolds
  4 rats
89 creatures vanquished.

Notes
Turn   | Place    | Note
-------+----------+-------------------------------------------
     0 | D:1      | monsoonserge the Gnoll Shapeshifter began the quest for the
                  | Orb.
     0 | D:1      | Reached XP level 1. HP: 17/17 MP: 1/1
    46 | D:1      | Found Kokynod's Assorted Antiques.
   101 | D:1      | Reached XP level 2. HP: 20/23 MP: 2/2
   111 | D:1      | Found Lepnoul's Jewellery Boutique.
   137 | D:1      | Found Cuqyit's Distillery.
   288 | D:1      | Reached XP level 3. HP: 28/28 MP: 3/3
   314 | D:1      | Found Ibuxt's Assorted Antiques.
   314 | D:1      | Found Moxzun's Distillery.
   558 | D:1      | Bought a viscous golden potion for 14 gold pieces
   558 | D:1      | Bought a scroll labelled WUOGOTSA TALYX for 16 gold pieces
   606 | D:1      | Bought a smoky sapphire potion for 21 gold pieces
   606 | D:1      | Bought a scroll labelled DIXEVEHEFF for 24 gold pieces
   623 | D:2      | Reached skill level 1 in Invocations
   630 | D:2      | Noticed Sigmund
   703 | D:2      | Noticed Natasha
   711 | D:2      | Killed Natasha
   712 | D:2      | Reached skill level 1 in Short Blades
   712 | D:2      | Reached skill level 1 in Long Blades
   712 | D:2      | Reached skill level 1 in Axes
   712 | D:2      | Reached skill level 1 in Maces & Flails
   712 | D:2      | Reached skill level 1 in Polearms
   712 | D:2      | Reached skill level 1 in Staves
   712 | D:2      | Reached skill level 1 in Ranged Weapons
   712 | D:2      | Reached skill level 1 in Throwing
   712 | D:2      | Reached skill level 1 in Armour
   712 | D:2      | Reached skill level 1 in Stealth
   712 | D:2      | Reached skill level 1 in Shields
   712 | D:2      | Reached skill level 1 in Spellcasting
   712 | D:2      | Reached skill level 1 in Evocations
   712 | D:2      | Reached XP level 4. HP: 33/34 MP: 5/5
   832 | D:1      | Bought a scroll labelled EBBECU YMOUSMANUPT for 24 gold
                  | pieces
   957 | D:2      | Noticed Natasha
   978 | D:1      | Killed Natasha
   979 | D:1      | Reached skill level 1 in Conjurations
   979 | D:1      | Reached skill level 1 in Hexes
   979 | D:1      | Reached skill level 1 in Summonings
   979 | D:1      | Reached skill level 1 in Necromancy
   979 | D:1      | Reached skill level 1 in Translocations
   979 | D:1      | Reached skill level 1 in Fire Magic
   979 | D:1      | Reached skill level 1 in Ice Magic
   979 | D:1      | Reached skill level 1 in Air Magic
   979 | D:1      | Reached skill level 1 in Earth Magic
   979 | D:1      | Reached skill level 1 in Alchemy
  1047 | D:2      | Noticed Jessica
  1060 | D:2      | Killed Jessica
  1061 | D:2      | Reached XP level 5. HP: 34/40 MP: 4/7
  1171 | D:1      | Noticed Natasha
  1184 | D:1      | Killed Natasha
  1197 | D:1      | Bought a potion of degeneration for 13 gold pieces
  1968 | D:3      | Found a faded altar of an unknown god.
  1968 | D:3      | Found an ancient bone altar of Kikubaaqudgha.
  1980 | D:3      | Found a blossoming altar of Fedhas.
  1982 | D:3      | Found a white marble altar of Elyvilon.
  1984 | D:3      | Found a broken altar of Ashenzari.
  2011 | D:3      | Became a worshipper of Elyvilon the Healer
  2232 | D:4      | Reached XP level 6. HP: 23/47 MP: 4/8
  2337 | D:4      | Found a shimmering blue altar of Sif Muna.
  2381 | D:4      | Reached skill level 5 in Dodging
  2686 | D:4      | Killed from afar by an orc priest

Illustrated notes

Levels and vault maps discovered:
D:1:      lemuel_arrival_funnel, layout_rooms, serial_shops, shop, shop,
          nicolae_shop_gaudy_bauble, nicolae_shop_crystal, nicolae_shop_crystal
D:2:      minmay_roachtagon, layout_rooms, uniq_natasha, uniq_sigmund,
          uniq_jessica
D:3:      layout_loops_ring, chequers_temple_overflow_minitemple
D:4:      layout_loops_ring, mainiacjoe_overflow_24_doors

Skill      XL: |  1  2  3  4  5  6 |
---------------+-------------------+-----
Invocations    | 1 2 |  2.4
Short Blades   | 1 2 |  2.1
Long Blades    | 1 2 |  2.1
Axes           | 1 2 |  2.1
Maces & Flails | 1 2 |  2.1
Polearms       | 1 2 |  2.1
Staves         | 1 2 |  2.1
Ranged Weapons | 1 2 |  2.1
Throwing       | 1 2 |  2.1
Armour         | 1 2 |  2.1
Stealth        | 1 2 |  2.1
Shields        | 1 2 |  2.1
Spellcasting   | 1 2 |  2.1
Evocations     | 1 2 |  2.1
Conjurations   | 1 |  1.7
Hexes          | 1 |  1.7
Summonings     | 1 |  1.7
Necromancy     | 1 |  1.7
Translocations | 1 |  1.7
Fire Magic     | 1 |  1.7
Ice Magic      | 1 |  1.7
Air Magic      | 1 |  1.7
Earth Magic    | 1 |  1.7
Alchemy        | 1 |  1.7
Fighting       | 3 |  3.4
Dodging        | 5 |  5.1
Unarmed Combat | |  6.9
Shapeshifting  | |  6.8

Action                     |  1- 3 |  4- 6 || total
---------------------------+-------+-------++-------
  Melee: Unarmed           |    72 |   147 ||   219
         Bite              |     5 |    10 ||    15
         Punch             |     1 |     2 ||     3
  Throw: Boomerang         |       |     2 ||     2
    Use: Potion            |     1 |     1 ||     2
   Stab: Sleeping          |     1 |       ||     1
 Armour: Animal skin       |    38 |       ||    38
         Skin              |    50 |     9 ||    59
         Chain mail        |       |    67 ||    67
         Leather armour    |       |     3 ||     3
         Ring mail         |       |    36 ||    36
  Dodge: Dodged            |    61 |    83 ||   144
